 Dungeon Crawl Stone Soup version 0.28-b1-1-g3c77fb2ed1 (webtiles) character file.

Game seed: 140792274189019554

9521 Kaptain the Geomancer (level 11, -4/68 (72) HPs)
             Began as an Octopode Earth Elementalist on Jan 29, 2022.
             Slain by Nergalle (6 damage)
             ... on level 10 of the Dungeon on Jan 30, 2022.
             The game lasted 00:50:47 (11189 turns).

Kaptain the Geomancer (OpEE)                       Turns: 11189, Time: 00:50:47

HP:   -4/68 (72)    AC:  3    Str:  8    XL:     11   Next: 47%
MP:   4/31          EV: 15    Int: 24    God:
Gold: 489           SH:  6    Dex: 16    Spells: 20/25 levels left

rFire   . . .      SeeInvis .   o - +5 dagger (freeze)
rCold   x . .      Faith    .   t - +1 buckler
rNeg    + . .      Spirit   .   x - +2 hat
rPois   +          Reflect  .   (no amulet)
rElec   .          Harm     .   e - ring of willpower
rCorr   +          Rampage  .   s - ring of magical power
Will    +....                   D - ring of positive energy
Stlth   +++++.....              k - +4 ring of slaying
HPRegen 0.21/turn               F - ring of Deumepide {rPois rC- rCorr Int+2 Dex+4}
MPRegen 0.22/turn               (no ring)
                                (no ring)
                                (no ring)

@: drained
A: almost no armour, amphibious, 8 rings, camouflage 1, gelatinous body 1,
(nimble swimmer 1), tentacles
a: no special abilities


You were on level 10 of the Dungeon.
You visited 2 branches of the dungeon, and saw 11 of its levels.

You collected 547 gold pieces.
You spent 58 gold pieces at shops.

Inventory:

Hand Weapons
 l - a +1 short sword of protection
 o - a +5 dagger of freezing (weapon)
 v - a +0 trident
 w - a +3 scimitar of flaming
 y - a +3 battleaxe
 L - a +1 dagger of venom
Missiles
 u - 121 stones
 B - 9 poisoned darts
 H - a curare-tipped dart
Armour
 t - a +1 buckler (worn)
 x - a +2 hat (worn)
 J - a +0 kite shield
Magical Staves
 a - a staff of earth
Jewellery
 e - a ring of willpower (left tentacle)
 k - a +4 ring of slaying (on tentacle)
 s - a ring of magical power (right tentacle)
 D - a ring of positive energy (on tentacle)
 F - the ring of Deumepide (on tentacle) {rPois rC- rCorr Int+2 Dex+4}
   (You found it on level 8 of the Dungeon)

   [ring of poison resistance]

   Int:       It affects your intelligence (+2).
   Dex:       It affects your dexterity (+4).
   rC:        It makes you vulnerable to cold.
   rPois:     It protects you from poison.
   rCorr:     It protects you from acid and corrosion.
Wands
 c - a wand of polymorph (12)
 d - a wand of iceblast (6)
 i - a wand of acid (10)
 q - a wand of charming (5)
 z - a wand of digging (3)
Scrolls
 b - a scroll of blinking
 h - 2 scrolls of teleportation
 p - a scroll of enchant armour
 E - 2 scrolls of amnesia
 G - a scroll of enchant weapon
 K - a scroll of torment {unknown}
Potions
 f - 2 potions of berserk rage
 g - 2 potions of invisibility
 j - 2 potions of curing
 m - 2 potions of haste {unknown}
 n - 2 potions of flight {unknown}
 A - a potion of lignification {unknown}
 C - a potion of brilliance {unknown}
 I - 2 potions of might {unknown}


   Skills:
 + Level 5.5 Fighting
 + Level 6.1 Dodging
 + Level 8.7 Stealth
 + Level 4.8 Shields
 * Level 7.8 Spellcasting
 * Level 7.1 Conjurations
 - Level 1.0 Transmutations
 * Level 8.9 Earth Magic


You had 20 spell levels left.
You knew the following spells:

 Your Spells              Type           Power      Damage    Failure   Level
a - Sandblast             Erth           100%       2d20      1%          1
b - Stone Arrow           Conj/Erth      96%        3d13      1%          3
c - Animate Skeleton      Necr           18%        N/A       9%          1

Your spell library contained the following spells:

 Spells                   Type           Power      Damage    Failure   Level
 Passwall                 Tmut/Erth      27%        N/A       1%          2
 Freeze                   Ice            36%        1d6       9%          1
 Pain                     Necr           36%        1d5       9%          1
 Petrify                  Tmut/Erth      33%        N/A       11%         4
 Corpse Rot               Necr/Air       18%        N/A       13%         2
 Poisonous Vapours        Pois/Air       18%        N/A       13%         2
 Hailstorm                Conj/Ice       26%        3d7       19%         4
 Frozen Ramparts          Ice            18%        1d3       26%         3
 Vampiric Draining        Necr           9%         2d6       26%         3
 Summon Ice Beast         Ice/Summ       9%         N/A       63%         4
 Summon Mana Viper        Hex/Summ       9%         N/A       93%         5
 Monstrous Menagerie      Summ           4%         N/A       100%        7


Dungeon Overview and Level Annotations

Branches:
Dungeon (10/15)            Temple (1/1) D:4            Lair (0/6) D:8
    Orc: D:9-12

Altars:
Ashenzari
Cheibriados
Dithmenos
Elyvilon
Fedhas
Gozag
Hepliaklqana
Kikubaaqudgha
Makhleb
Nemelex Xobeh
Okawaru
Qazlal
Ru
Sif Muna
Trog
Uskayaw
Vehumet
Wu Jian
Xom
Yredelemnul
Zin
The Shining One

Shops:
D:4 [

Annotations:
D:10 3 runed translucent doors, Cykl0x's ghost, journeyman GrCj; Nergalle


Innate Abilities, Weirdness & Mutations

You cannot wear most types of armour.
You are amphibious.
You can wear up to eight rings at the same time.
Your skin changes colour to match your surroundings (Stealth+).
Your rubbery body absorbs attacks. (AC +1, EV +1)
((You are camouflaged when in or above water. (Stealth+)))
You have tentacles for arms and can constrict up to eight enemies at once.


Message History

Aiming: Sandblast (safe; 1% risk of failure)
Press: ? - help, Shift-Dir - straight line, f/p - Nergalle
Aim: Nergalle, wielding a +0 dagger and wearing a +0 robe of willpower (almost dead, 82% to hit)
The blast of sand hits Nergalle but does no damage.
Nergalle is almost dead.
You block the spectral orc's attack.
Nergalle gestures at you while chanting.
Orcish apparitions take form around you.
The spectral orc warrior hits you with a +0 glaive!
You partially resist.
You feel drained.
The spectral orc knight hits you with a +0 long sword!!
* * * LOW HITPOINT WARNING * * *
Unknown command.
You feel much better. The spectral orc completely misses you.
Nergalle hits you with a +0 dagger!
The spectral orc warrior hits you with a +0 glaive!
* * * LOW HITPOINT WARNING * * *
You block the spectral orc knight's attack.
Unknown command.
Okay, then.
You feel much better.
The spectral orc warrior completely misses you.
The spectral orc knight hits you with a +0 long sword!
The spectral orc warrior hits you with a +0 glaive.
You block the spectral orc's attack. Nergalle hits you with a +0 dagger.
* * * LOW HITPOINT WARNING * * *
Aiming: Corrosive Bolt
Press: ? - help, Shift-Dir - straight line, f/p - Nergalle
Aim: Nergalle, wielding a +0 dagger and wearing a +0 robe of willpower (almost dead, 68% to hit)
The bolt of acid misses Nergalle.
The bolt of acid hits the spectral orc!
The acid corrodes the spectral orc!
You destroy the spectral orc!
The spectral orc disappears in a puff of smoke!
The spectral orc hits you with a +0 short sword.
* * * LOW HITPOINT WARNING * * *
You partially resist.
You feel drained.
The spectral orc warrior hits you with a +0 flail!
* * * LOW HITPOINT WARNING * * *
Nergalle hits you with a +0 dagger.
You die...

...#.....<.........#......#
.....###...........#......#
.... ........##.......###
.... ........####.....##
.... ...... #......# ....
.....# #..##..# .... #.
...###.###### ...#
#...#Z#Z...#.### ...#
#...§o@Z.......# ...#
...).###Z.#.....# ..## ...
#..###..## ..# # ...# ...#
..# ##... ...# .. .....
...# # ###.... ..# ......


You could see Nergalle, a spectral orc (summoned), 2 spectral orc warriors and a
spectral orc knight (summoned).

Vanquished Creatures
  Harold (D:8)
  A two-headed ogre (D:7)
  Erica (D:8)
  Pikel (D:8)
  Maurice (D:9)
  Maggie (D:10)
  A troll (D:10)
  A hornet (D:8)
  Prince Ribbit (D:5)
  Sigmund (D:2)
  2 wyverns (D:8)
  10 yaks
  A basilisk (D:8)
  Grum (D:10)
  Menkaure (D:4)
  An acid dragon (D:10)
  2 water moccasins
  An orc warrior (D:9)
  2 ice beasts
  3 black bears
  A necrophage (D:5)
  An ogre (D:7)
  2 wolves (D:10)
  3 centaurs
  2 kobold brigands
  2 lemures (D:8)
  A phantom (D:4)
  A wyvern zombie (D:5)
  4 bullfrogs
  A scorpion (D:8)
  A water moccasin zombie (D:7)
  14 killer bees
  4 wights (D:7)
  A howler monkey (D:9)
  4 centaur zombies
  A bullfrog zombie (D:6)
  5 hounds
  3 orc priests
  A gnoll shaman (D:4)
  4 iguanas
  4 orc wizards
  A hound skeleton (D:5)
  3 howler monkey zombies
  4 adders
  2 shadow imps
  2 white imps (D:8)
  2 ufetubi
  A worm (D:3)
  6 dart slugs
  24 orcs
  5 bats
  5 endoplasms
  5 giant cockroaches
  8 goblins
  12 hobgoblins
  6 quokkas
  7 ball pythons
  A frilled lizard (D:3)
  24 kobolds
  5 rats
217 creatures vanquished.

Vanquished Creatures (others)
  A bush (D:8)
  2 fungi (D:8)
  12 plants (D:8)
15 creatures vanquished.

Grand Total: 232 creatures vanquished

Notes
Turn   | Place    | Note
-------+----------+-------------------------------------------
     0 | D:1      | Kaptain the Octopode Earth Elementalist began the quest for
                  | the Orb.
     0 | D:1      | Reached XP level 1. HP: 11/11 MP: 3/3
   384 | D:1      | Reached XP level 2. HP: 16/17 MP: 5/5
   420 | D:1      | Found a faded altar of an unknown god.
   839 | D:1      | Reached XP level 3. HP: 22/22 MP: 2/6
  1384 | D:2      | Noticed Sigmund
  1389 | D:2      | Killed Sigmund
  1390 | D:2      | Reached skill level 1 in Fighting
  1390 | D:2      | Reached XP level 4. HP: 9/28 MP: 1/8
  1390 | D:2      | Reached XP level 5. HP: 11/33 MP: 1/9
  1394 | D:2      | Learned a level 3 spell: Stone Arrow
  1396 | D:2      | Learned a level 1 spell: Animate Skeleton
  1860 | D:2      | Reached XP level 6. HP: 26/39 MP: 2/11
  2329 | D:3      | Found an opulent altar of Gozag.
  2390 | D:3      | Found a shimmering altar of Xom.
  2475 | D:3      | Found a blossoming altar of Fedhas.
  2533 | D:3      | Found a sacrificial altar of Ru.
  3202 | D:4      | Found a staircase to the Ecumenical Temple.
  3215 | Temple   | Entered the Ecumenical Temple
  3472 | D:4      | Found a shimmering blue altar of Sif Muna.
  3526 | D:4      | Noticed a black bear
  3601 | D:3      | Killed a black bear
  3602 | D:3      | Reached XP level 7. HP: 24/45 MP: 0/12
  3869 | D:4      | Noticed Menkaure
  4036 | D:4      | Found Ynnoaxeh's Armour Shop.
  4303 | D:4      | Reached skill level 5 in Earth Magic
  4385 | D:4      | Bought a +0 buckler for 58 gold pieces
  4397 | D:4      | Killed Menkaure
  4398 | D:4      | Reached skill level 1 in Conjurations
  4725 | D:5      | Entered Level 5 of the Dungeon
  4837 | D:5      | Reached skill level 5 in Stealth
  4905 | D:5      | Noticed Prince Ribbit
  4911 | D:5      | Killed Prince Ribbit
  4912 | D:5      | Reached skill level 1 in Shields
  4912 | D:5      | Reached XP level 8. HP: 51/51 MP: 13/14
  5429 | D:5      | Noticed a yak
  5433 | D:5      | Noticed a yak
  5433 | D:5      | Noticed a yak
  5435 | D:5      | Killed a yak
  5438 | D:5      | Noticed a yak
  5439 | D:5      | Noticed a yak
  5471 | D:5      | Killed a yak
  5472 | D:5      | Reached skill level 5 in Spellcasting
  5474 | D:5      | Killed a yak
  5482 | D:5      | Killed a yak
  5483 | D:5      | Reached XP level 9. HP: 57/57 MP: 0/16
  7023 | D:7      | Noticed a two-headed ogre
  7150 | D:7      | Identified the +2 leather armour of Dim Light {Drain rPois
                  | rF+ MP+9 Str+6}
  7209 | D:7      | Found a white marble altar of Elyvilon.
  7540 | D:7      | Killed a two-headed ogre
  7541 | D:7      | Reached skill level 5 in Dodging
  7541 | D:7      | Reached skill level 5 in Conjurations
  7541 | D:7      | Reached XP level 10. HP: 32/64 MP: 16/19
  8005 | D:8      | Noticed Harold
  8017 | D:8      | Killed Harold
  8212 | D:8      | Identified the +1 robe of Ico Moso {rF+ Str+2 Slay+3
                  | Stlth-}
  8239 | D:8      | Identified the +5 scale mail of the Desolation of Salt
                  | {Harm Will- Str+4}
  8364 | D:8      | Identified the ring of Deumepide {rPois rC- rCorr Int+2
                  | Dex+4}
  8559 | D:8      | Noticed Erica
  8565 | D:8      | Found a staircase to the Lair.
  8569 | D:8      | Killed Erica
  8869 | D:8      | Reached skill level 5 in Fighting
  9012 | D:8      | Reached XP level 11. HP: 63/71 MP: 20/21
  9212 | D:8      | Noticed Pikel
  9215 | D:8      | Killed Pikel
  9935 | D:9      | Noticed Maurice
  9951 | D:9      | Killed Maurice
 10558 | D:10     | Entered Level 10 of the Dungeon
 10558 | D:10     | Noticed Cykl0x's ghost (journeyman GrCj)
 10558 | D:10     | Found a runed translucent gate.
 10558 | D:10     | Found a runed translucent gate.
 10561 | D:10     | Noticed a two-headed ogre
 10561 | D:10     | Noticed a wizard
 10563 | D:10     | Noticed a deep troll
 10649 | D:10     | Found a runed translucent gate.
 10656 | D:10     | Noticed Maggie
 10668 | D:10     | Killed Maggie
 10978 | D:10     | Noticed Grum
 10984 | D:10     | Killed Grum
 11175 | D:10     | Noticed Nergalle
 11186 | D:10     | HP: 3/69 [spectral orc knight[Nergalle] (18)]
 11189 | D:10     | Slain by Nergalle

Illustrated notes

Levels and vault maps discovered:
D:1:      erik_arrival_cave_to_civilisation [erik_arrival_cave_to_hall],
          layout_basic, dreamdust_ecumenical_altar_angels_and_demons,
          minmay_vboxes
D:2:      layout_loops_ring, uniq_sigmund
D:3:      layout_basic, mainiacjoe_overflow_brackets, tgw_xom,
          mainiacjoe_overflow_catch_the_wave
D:4:      layout_rooms, mainiacjoe_overflow_small_starburst,
          minmay_temple_entry_butterflies, serial_shops, shop, serial_glass,
          glass_columns_a, glass_columns_a, glass_columns_b, glass_columns_b,
          wad_rectangle_vault, uniq_menkaure
D:5:      layout_loops_corners, uniq_prince_ribbit1
D:6:      layout_rooms
D:7:      layout_rooms, mainiacjoe_overflow_cross_hatched, serial_curves,
          eino_curves_04, eino_curves_03
D:8:      layout_basic, minmay_lair_entry_grove, serial_rivers,
          chequers_serial_rivers_room_b, chequers_serial_rivers_large_b,
          chequers_serial_rivers_room_b, chequers_serial_rivers_micro_d,
          chequers_serial_rivers_marsh, chequers_serial_rivers_small_3,
          uniq_pikel, uniq_erica, uniq_harold
D:9:      layout_gridville, uniq_maurice
D:10:     layout_cave_pools, gammafunk_ghost_split, minivault_1, uniq_sonja,
          uniq_maggie, uniq_nergalle, uniq_grum
Temple:   regret_index_temple_sphere_string

Skill      XL: |  1  2  3  4  5  6  7  8  9 10 11 |
---------------+----------------------------------+-----
Stealth        | 3 4 5 6 7 8 |  8.7
Fighting       | 1 2 3 4 5 |  5.5
Spellcasting   | 3 4 5 6 7 |  7.8
Earth Magic    | 4 5 6 7 8 |  8.9
Dodging        | 3 4 5 6 |  6.1
Conjurations   | 2 3 5 6 7 |  7.1
Shields        | 1 2 3 4 |  4.8
Transmutations | |  1.0

Action                   |  1- 3 |  4- 6 |  7- 9 | 10-12 || total
-------------------------+-------+-------+-------+-------++-------
Melee: Short sword       |    18 |    22 |       |       ||    40
       Unarmed           |     3 |       |       |       ||     3
       Constrict         |     5 |     5 |     5 |     2 ||    17
       Tentacles         |     2 |     2 |     5 |     2 ||    11
       Punch             |     1 |       |       |       ||     1
       Dagger            |       |     3 |    15 |    11 ||    29
 Cast: Sandblast         |    31 |    43 |    16 |    74 ||   164
       Stone Arrow       |       |     5 |   102 |   101 ||   208
       Animate Skeleton  |       |       |     2 |       ||     2
Evoke: Wand              |       |       |       |     1 ||     1
  Use: Scroll            |       |       |    16 |     4 ||    20
       Potion            |       |       |       |     3 ||     3
 Stab: Sleeping          |     3 |     6 |       |     6 ||    15
       Distracted        |       |       |     1 |       ||     1
Armor: Skin              |     4 |     2 |     3 |     5 ||    14
Dodge: Dodged            |    16 |    17 |    28 |    46 ||   107
Block: Buckler           |       |       |     1 |    18 ||    19
